 Dungeon Crawl Stone Soup version 0.27.1-33-g824d729ab1 (webtiles) character file.

Game seed: 5685149877076744231

146998 rvierbuc the Slayer (level 16, -5/170 HPs)
             Began as a Minotaur Berserker on Dec 6, 2021.
             Was the Champion of Trog.
             Succumbed to a redback's poison
             ... on level 3 of the Spider Nest.
             The game lasted 02:04:36 (33736 turns).

rvierbuc the Slayer (Minotaur Berserker)           Turns: 33736, Time: 02:04:37

Health: -5/170     AC: 24    Str: 34    XL:     16   Next: 90%
Magic:  6/15       EV: 11    Int:  4    God:    Trog [******]
Gold:   795        SH: 19    Dex: 13    Spells: 15/15 levels left

rFire    . . .     SeeInvis +   M - +5 broad axe "Potythru" {flame, +Rage rN+ Will++ SInv}
rCold    . . .     Faith    .   s - +0 tower shield
rNeg     + . .     Spirit   +   g - +1 plate armour
rPois    .         Reflect  .   (helmet restricted)
rElec    +         Harm     .   U - +1 cloak
rCorr    .         Rampage  .   (no gloves)
Will     +++++     Clarity  +   (no boots)
Stlth    ..........             c - amulet of Zesurit {Spirit rElec}
HPRegen  1.38/turn              d - +6 ring of strength
MPRegen  0.14/turn              o - +4 ring of protection

@: lethally poisoned (-5 -> -71), strong-willed, on berserk cooldown,
regenerating, slowed, studying Fighting, very slow
A: horns 2, retaliatory headbutt, agile 1, clarity
a: Renounce Religion, Evoke Berserk Rage, Berserk, Trog's Hand, Brothers in Arms


You were on level 3 of the Spider Nest.
You worshipped Trog.
Trog was exalted by your worship.
You visited 4 branches of the dungeon, and saw 25 of its levels.
You also visited: Ossuary and Bailey.

You collected 2138 gold pieces.
You spent 1343 gold pieces at shops.

Inventory:

Hand Weapons
 a - a +2 battleaxe
 f - a +3 battleaxe of electrocution
 A - a +5 battleaxe of flaming
 M - the +5 broad axe "Potythru" (weapon) {flame, +Rage rN+ Will++ SInv}
   (You acquired it on level 11 of the Dungeon)

   It burns those it strikes, dealing additional fire damage.
   Big, fiery blades are also staple armaments of hydra-hunters.
   rN:        It protects you from negative energy.
   SInv:      It lets you see invisible.
   +Rage:     It lets you go berserk.
   Will:      It greatly increases your willpower.
 P - the +7 flail of Eternal War {elec, Fragile rC+++}
   (You found it on level 5 of the Lair of Beasts)

   It occasionally discharges a powerful burst of electricity upon striking a
   foe.
   rC:        It renders you almost immune to cold.
   Fragile:   It will be destroyed if unequipped.
 Y - the +7 executioner's axe of Indignation {vorpal, Dex+2}
   (Trog gifted it to you on level 2 of the Spider Nest)

   It inflicts extra damage upon your enemies.
   Dex:       It affects your dexterity (+2).
Missiles
 y - 8 atropa-tipped darts (quivered)
 Q - 5 silver javelins
Armour
 g - a +1 plate armour (worn)
 s - a +0 tower shield (worn)
 U - a +1 cloak (worn)
Jewellery
 c - the amulet of Zesurit (around neck) {Spirit rElec}
   (You found it on level 7 of the Dungeon)

   [amulet of guardian spirit]

   It causes incoming damage to be divided between your reserves of health and
   magic.
   rElec:     It insulates you from electricity.
 d - a +6 ring of strength (left hand)
 o - a +4 ring of protection (right hand)
 O - a ring of protection from cold
 R - a ring of flight
 S - a +6 ring of intelligence
Wands
 z - a wand of mindburst (11)
 D - a wand of acid (16)
 G - a wand of flame (88)
 H - a wand of iceblast (36)
 L - a wand of paralysis (23)
 X - a wand of polymorph (5)
 Z - a wand of charming (17)
Scrolls
 e - a scroll of enchant weapon {unknown}
 i - 3 scrolls of enchant armour
 l - a scroll of silence
 m - 4 scrolls of immolation
 p - 10 scrolls of teleportation
 t - 2 scrolls of fear
 u - 3 scrolls of vulnerability
 v - 3 scrolls of blinking
 w - 2 scrolls of magic mapping
 I - 3 scrolls of fog
 N - 2 scrolls of summoning
 T - 5 scrolls of identify
Potions
 b - a potion of resistance
 h - 5 potions of might
 j - 7 potions of heal wounds
 k - 8 potions of curing
 n - a potion of cancellation
 q - 6 potions of lignification
 r - 2 potions of berserk rage
 B - 9 potions of ambrosia
 E - 10 potions of degeneration
 K - 3 potions of haste
 W - 4 potions of flight
Miscellaneous
 x - a lightning rod (4/4)
 C - a piece from Xom's chessboard (15/15)
 F - a condenser vane
 J - a tin of tremorstones (2/2)
 V - a box of beasts


   Skills:
 * Level 22.7 Fighting
 - Level 18.0 Axes
 + Level 15.5 Armour
 * Level 14.9 Dodging
 - Level 0.2 Stealth
 + Level 8.1 Shields
 * Level 8.6 Evocations


You had 15 spell levels left.
You didn't know any spells.
Your spell library was empty.

Dungeon Overview and Level Annotations

Branches:
Dungeon (15/15)            Temple (1/1) D:5            Lair (6/6) D:9
  Swamp (0/4) Lair:3       Spider (3/4) Lair:3        Slime (0/5) Lair:6
    Orc (0/2) D:9          Vaults (0/5) D:13         Depths (0/5) D:15
Ossuary (visited)          Bailey (visited)

Altars:
Ashenzari
Cheibriados
Dithmenos
Elyvilon
Fedhas
Gozag
Hepliaklqana
Kikubaaqudgha
Makhleb
Nemelex Xobeh
Okawaru
Qazlal
Ru
Sif Muna
Trog
Uskayaw
Vehumet
Wu Jian
Xom
Yredelemnul
Zin
The Shining One

Shops:
D:4 :[*(   D:12 *

Annotations:
Lair:1 exclusion: oklob plant


Innate Abilities, Weirdness & Mutations

You have a pair of horns on your head.
You reflexively headbutt those who attack you in melee.
You are agile. (Dex +2)
You possess an exceptional clarity of mind.


Message History

You start resting.
A redback comes into view.
The redback moves out of view.
A redback comes into view.
A jumping spider comes into view.
You miss the redback.
The jumping spider hisses angrily.
You headbutt the redback!
The redback is heavily wounded.
You hear an angry hiss.
The jumping spider leaps!
The redback bites you but does no damage.
The redback barely misses you. You block the redback's attack.
You feel much better. The redback completely misses you.
The redback bites you but does no damage. x2
The redback bites you!
* * * LOW HITPOINT WARNING * * *
You are lethally poisoned!
The redback poisons you! You block the redback's attack. x2
A jumping spider comes into view.
Your skin crawls.
You feel strong-willed.
* * * LOW HITPOINT WARNING * * *
You feel extremely sick. You block the redback's attack. x2
The redback bites you but does no damage.
The jumping spider leaps!
The redback barely misses you. The redback bites you.
* * * LOW HITPOINT WARNING * * *
You block the redback's attack.
A redback comes into view.
The redback bites you!
* * * LOW HITPOINT WARNING * * *
You are more poisoned.
The redback poisons you!
You open the redback like a pillowcase!!!
You burn the redback!
You kill the redback!
Trog accepts your kill.
You slash the redback! You burn the redback. You barely miss the redback.
You die...

..... ..s..
.....####
........##
..s^.....#
.........##
......†.^.##
...^....s..#
....?#..s@##
... ###### .


You could see 4 redbacks.

Vanquished Creatures
  Jorgrun (D:14)
  Frances (D:14)
  Louise (Spider:1)
  3 entropy weavers
  Snorg (Lair:5)
  An ettin (D:15)
  The ghost of Hetamun the Grappler, a journeyman TrMo of Makhleb (Lair:5)
  The ghost of Xqipyl the Destroyer, a journeyman GrFE of Vehumet (D:12)
  Josephine (Spider:1)
  The ghost of Plog the Tainter, a journeyman DgVM (D:12)
  5 boulder beetles
  Harold (Lair:2)
  2 ogre magi
  8 hydras
  A catoblepas (Lair:6)
  A death knight (D:15)
  Erica (Lair:1)
  8 centaur warriors
  13 two-headed ogres
  21 death yaks
  3 tengu warriors
  An orc high priest (Bailey)
  Sonja (D:12)
  4 skeletal warriors
  3 deep trolls (D:15)
  2 wizards (D:15)
  A lindwurm (Lair:2)
  A deep elf archer (D:13)
  2 orc knights (Bailey)
  A necromancer (D:15)
  A deep elf zephyrmancer (D:13)
  5 deep elf pyromancers
  5 orb spiders
  4 manticores
  10 ugly things (D:15)
  A cyclops (D:10)
  6 wolf spiders
  3 moths of wrath
  11 elephants
  A torpor snail (Spider:2)
  6 black mambas
  4 orange demons (D:12)
  2 rime drakes
  3 gargoyles
  14 cane toads
  An efreet (D:13)
  An unseen horror (shapeshifter) (D:14)
  3 kobold demonologists
  A komodo dragon (shapeshifter) (D:14)
  11 komodo dragons
  2 unseen horrors
  2 tengu conjurers
  A freezing wraith (D:15)
  6 demonic crawlers
  A red devil (D:12)
  2 trolls (D:9)
  8 jumping spiders
  A queen bee (D:11)
  9 hornets
  6 polar bears
  31 blink frogs
  8 slime creatures
  A dream sheep (Lair:6)
  Prince Ribbit (Lair:2)
  19 tarantellas
  2 wyverns
  8 wraiths
  48 redbacks
  15 spriggans (Lair:6)
  38 yaks
  A vampire (D:10)
  4 basilisks
  A steam dragon (D:7)
  4 vampire mosquitoes (D:12)
  26 water moccasins
  2 ice beasts
  2 swamp drakes
  2 sky beasts
  4 black bears
  16 orc warriors
  3 necrophages
  30 wolves
  9 ogres
  4 boggarts (Lair:6)
  23 centaurs
  A phantom (D:5)
  5 kobold brigands
  24 bullfrogs
  2 gnoll sergeants (D:10)
  3 scorpions
  2 wights (D:8)
  32 killer bees
  2 electric eels
  4 howler monkeys
  3 centaur zombies (D:9)
  A bullfrog zombie (D:5)
  12 jellies (Lair:6)
  5 hounds
  7 gnoll shamans
  8 orc priests
  6 iguanas
  3 bullfrog skeletons (D:5)
  5 centaur skeletons
  7 orc wizards
  A killer bee zombie (D:8)
  2 hound skeletons (D:4)
  8 mummies (Ossuary)
  A howler monkey zombie (D:7)
  12 adders
  31 gnolls
  A howler monkey skeleton (D:7)
  3 white imps (D:8)
  2 ufetubi
  3 worms
  2 dart slugs
  34 orcs
  8 ball pythons
  6 endoplasms
  2 giant cockroaches
  A gnoll zombie (Ossuary)
  12 goblins
  19 hobgoblins
  7 jackals (D:3)
  13 kobolds
  4 quokkas
  4 bats
  2 frilled lizards
  2 hobgoblin zombies (Ossuary)
  A kobold zombie (Ossuary)
  4 orc zombies (Ossuary)
  4 rats
846 creatures vanquished.

Vanquished Creatures (others)
  A slime creature (D:14)
  2 bushes (Lair:2)
  107 fungi
  95 plants
  A withered plant (D:12)
206 creatures vanquished.

Grand Total: 1052 creatures vanquished

Notes
Turn   | Place    | Note
-------+----------+-------------------------------------------
     0 | D:1      | rvierbuc the Minotaur Berserker began the quest for the
                  | Orb.
     0 | D:1      | Reached XP level 1. HP: 19/19 MP: 0/0
   313 | D:1      | Reached XP level 2. HP: 26/27 MP: 1/1
   350 | D:1      | Reached skill level 4 in Fighting
   483 | D:1      | Reached ** piety under Trog
  1300 | D:2      | Reached XP level 3. HP: 11/33 MP: 2/2
  1671 | D:2      | Reached XP level 4. HP: 40/40 MP: 3/3
  2052 | D:3      | Found a hide-covered altar of Uskayaw.
  2080 | D:3      | Found an ancient bone altar of Kikubaaqudgha.
  2117 | D:3      | Found a broken altar of Ashenzari.
  2119 | D:3      | Found an ornate altar of the Wu Jian Council.
  2303 | D:3      | Found a hazy altar of Hepliaklqana.
  2308 | D:3      | Found a shadowy altar of Dithmenos.
  2308 | D:3      | Noticed a shadow
  2518 | D:3      | Reached XP level 5. HP: 46/46 MP: 4/4
  2737 | D:3      | Reached skill level 5 in Axes
  2867 | D:4      | Found Daikam's Assorted Antiques.
  2876 | D:4      | Found Halid's Book Shoppe.
  2932 | D:4      | Found a sand-covered staircase.
  2937 | Ossuary  | Entered an ossuary
  2982 | Ossuary  | Reached *** piety under Trog
  2998 | Ossuary  | Reached XP level 6. HP: 53/53 MP: 5/5
  3524 | D:4      | Bought a dented peridot amulet for 100 gold pieces
  3529 | D:4      | Found Kuextug's Weapon Shoppe.
  3588 | D:4      | Reached skill level 5 in Armour
  3588 | D:4      | Reached XP level 7. HP: 50/60 MP: 6/6
  3644 | D:4      | Found Qoyhul's Antique Armour Boutique.
  3651 | D:4      | Bought an encrusted leather armour for 203 gold pieces
  3651 | D:4      | Identified the +1 leather armour of Indomitability {rF+
                  | Str+5 SInv} (You bought it in a shop on level 4 of the
                  | Dungeon)
  3672 | D:4      | Reached skill level 5 in Fighting
  3960 | D:5      | Entered Level 5 of the Dungeon
  4129 | D:5      | Found a snail-covered altar of Cheibriados.
  4190 | D:5      | Found a staircase to the Ecumenical Temple.
  4200 | Temple   | Entered the Ecumenical Temple
  4524 | D:5      | Reached **** piety under Trog
  4596 | D:5      | Found a sacrificial altar of Ru.
  4755 | D:5      | Found an iron altar of Okawaru.
  4945 | D:5      | Reached XP level 8. HP: 69/69 MP: 7/7
  5510 | D:6      | Reached skill level 1 in Evocations
  5713 | D:6      | Found a shimmering blue altar of Sif Muna.
  6058 | D:7      | Reached skill level 6 in Fighting
  6058 | D:7      | Reached skill level 10 in Axes
  6472 | D:7      | Reached XP level 9. HP: 37/78 MP: 8/8
  7029 | D:7      | Reached skill level 7 in Fighting
  7132 | D:7      | Reached ***** piety under Trog
  7440 | D:7      | Identified the amulet of Zesurit {Spirit rElec}
  7910 | D:8      | Found a flagged portal.
  7940 | Bailey   | Entered a bailey
  7983 | Bailey   | Reached skill level 8 in Fighting
  7996 | Bailey   | Found an iron altar of Okawaru.
  7996 | Bailey   | Noticed a kobold demonologist
  7996 | Bailey   | Noticed an orc high priest
  8006 | Bailey   | Killed an orc high priest
  8014 | Bailey   | Reached XP level 10. HP: 64/90 MP: 6/9
  8060 | Bailey   | Received a gift from Trog
  8087 | Bailey   | Identified the +0 robe "Oliroid" {Harm Fly Dex-5}
  8141 | Bailey   | Noticed an orc knight
  8154 | Bailey   | Killed an orc knight
  8155 | Bailey   | Reached skill level 9 in Fighting
  8455 | Bailey   | Noticed an orc knight
  8464 | Bailey   | Killed an orc knight
  9271 | D:8      | Noticed a two-headed ogre
  9277 | D:8      | Killed a two-headed ogre
  9712 | D:8      | Reached skill level 10 in Fighting
  9712 | D:8      | Reached XP level 11. HP: 95/99 MP: 10/10
 10409 | D:9      | Found a staircase to the Lair.
 10678 | D:9      | Found a staircase to the Orcish Mines.
 11198 | D:9      | Found a glowing golden altar of the Shining One.
 11200 | D:9      | Noticed an angel
 11215 | D:9      | Found a basalt altar of Yredelemnul.
 11217 | D:9      | Noticed a profane servitor
 11633 | Lair:1   | Entered Level 1 of the Lair of Beasts
 11640 | Lair:1   | Reached skill level 15 in Axes
 11955 | Lair:1   | Reached skill level 10 in Armour
 12100 | Lair:1   | Noticed an oklob plant
 12126 | Lair:1   | You fall into a shaft and drop 1 floor!
 12128 | Lair:2   | Noticed Harold
 12141 | Lair:2   | Killed Harold
 12468 | Lair:2   | Noticed a lindwurm
 12478 | Lair:2   | Killed a lindwurm
 12614 | Lair:2   | Received a gift from Trog
 12615 | Lair:2   | Reached skill level 5 in Evocations
 12622 | Lair:2   | Reached skill level 11 in Fighting
 12741 | Lair:2   | Noticed a death yak
 12743 | Lair:2   | Noticed a death yak
 12752 | Lair:2   | Killed a death yak
 12753 | Lair:2   | Reached XP level 12. HP: 110/110 MP: 2/11
 12753 | Lair:2   | Noticed a death yak
 12755 | Lair:2   | Noticed a death yak
 12756 | Lair:2   | Killed a death yak
 12758 | Lair:2   | Noticed a death yak
 12759 | Lair:2   | Killed a death yak
 12763 | Lair:2   | Killed a death yak
 12766 | Lair:2   | Killed a death yak
 12787 | Lair:2   | Noticed Prince Ribbit
 12804 | Lair:2   | Killed Prince Ribbit
 14070 | Lair:1   | Noticed Erica
 14085 | Lair:1   | Killed Erica
 14207 | Lair:1   | Reached skill level 12 in Fighting
 15277 | Lair:3   | Noticed an eight-headed hydra
 15278 | Lair:3   | Found a staircase to the Swamp.
 15292 | Lair:3   | Killed an eight-headed hydra
 15754 | Lair:3   | Reached XP level 13. HP: 119/119 MP: 4/12
 15766 | Lair:3   | Found a hole to the Spider Nest.
 16846 | Lair:4   | Received a gift from Trog
 17245 | Lair:4   | Reached skill level 13 in Fighting
 17832 | Lair:5   | Noticed Snorg
 17845 | Lair:5   | Killed Snorg
 17862 | Lair:5   | Found an ornate altar of the Wu Jian Council.
 17888 | Lair:5   | Found a hide-covered altar of Uskayaw.
 18654 | Lair:5   | Found a runed translucent gate.
 18654 | Lair:5   | Found a runed translucent gate.
 18656 | Lair:5   | Noticed Hetamun's ghost (journeyman TrMo)
 18695 | Lair:5   | Found a runed translucent gate.
 19297 | Lair:5   | Reached XP level 14. HP: 48/130 MP: 4/13
 19305 | Lair:5   | Killed Hetamun's ghost
 19306 | Lair:5   | Reached skill level 14 in Fighting
 19314 | Lair:5   | Identified the +7 flail of Eternal War {elec, Fragile
                  | rC+++}
 19651 | Lair:6   | Entered Level 6 of the Lair of Beasts
 19664 | Lair:6   | Reached skill level 5 in Dodging
 20009 | Lair:6   | Found a staircase to the Slime Pits.
 20069 | Lair:6   | Reached skill level 10 in Dodging
 20320 | Lair:6   | Reached skill level 1 in Shields
 20406 | Lair:6   | Reached ****** piety under Trog
 21306 | Lair:6   | Identified a scroll of acquirement
 21319 | Lair:6   | Acquired a manual of Fighting
 21387 | Lair:6   | Received a gift from Trog
 21643 | Lair:6   | Reached skill level 15 in Fighting
 22345 | D:10     | Entered Level 10 of the Dungeon
 22618 | D:10     | Found a bloodstained altar of Trog.
 22927 | D:11     | Reached skill level 16 in Fighting
 23055 | D:11     | Found a stormy altar of Qazlal.
 23184 | D:11     | Reached XP level 15. HP: 121/145 MP: 4/14
 23311 | D:11     | Acquired the +5 broad axe "Potythru" {flame, +Rage rN+
                  | Will++ SInv}
 23629 | D:11     | Reached skill level 17 in Fighting
 23865 | D:12     | Found a runed translucent gate.
 23906 | D:12     | Reached skill level 18 in Fighting
 23910 | D:12     | Noticed Sonja
 23915 | D:12     | Killed Sonja
 23917 | D:12     | Received a gift from Trog
 24258 | D:12     | Found Ezxyusch's Assorted Antiques.
 24306 | D:12     | Found a runed translucent gate.
 24306 | D:12     | Found a runed translucent gate.
 24306 | D:12     | Noticed Plog's ghost (journeyman DgVM)
 24306 | D:12     | Noticed Xqipyl's ghost (journeyman GrFE)
 24315 | D:12     | Killed Xqipyl's ghost
 24344 | D:12     | Killed Plog's ghost
 24919 | D:13     | Reached skill level 19 in Fighting
 25089 | D:13     | Reached skill level 5 in Shields
 25111 | D:13     | Found a gate to the Vaults.
 26302 | D:4      | Bought a manual of Fighting for 1040 gold pieces
 26585 | D:14     | Noticed Frances
 26594 | D:14     | Killed Frances
 26725 | D:14     | Noticed Jorgrun
 26737 | D:14     | Killed Jorgrun
 26737 | D:14     | Received a gift from Trog
 26738 | D:14     | Reached skill level 20 in Fighting
 26797 | D:14     | Found a broken altar of Ashenzari.
 27777 | D:15     | Entered Level 15 of the Dungeon
 27786 | D:15     | Reached XP level 16. HP: 165/165 MP: 15/15
 27802 | D:15     | Found a staircase to the Depths.
 28069 | D:15     | Reached skill level 21 in Fighting
 28876 | D:15     | Reached skill level 15 in Armour
 29110 | D:15     | Gained mutation: You are agile. (Dex +2) [potion of
                  | mutation]
 29110 | D:15     | Gained mutation: You possess an exceptional clarity of
                  | mind. [potion of mutation]
 29890 | Spider:1 | Entered Level 1 of the Spider Nest
 29973 | Spider:1 | Noticed Josephine
 29994 | Spider:1 | Killed Josephine
 30005 | Spider:1 | Noticed Louise
 30018 | Spider:1 | Killed Louise
 30055 | Spider:1 | Received a gift from Trog
 30318 | Spider:1 | Reached skill level 22 in Fighting
 32509 | Spider:2 | Identified the +7 dagger "Tuvak" {vorpal, Will+}
 33189 | Spider:2 | Identified the +7 executioner's axe of Indignation {vorpal,
                  | Dex+2} (Trog gifted it to you on level 2 of the Spider
                  | Nest)
 33189 | Spider:2 | Received a gift from Trog
 33736 | Spider:3 | Succumbed to a redback's poison

Illustrated notes

Levels and vault maps discovered:
D:1:      dpeg_arrival_stone_temple_mockup, layout_loops_corners,
          chequers_serial_rivers_large_a, minmay_hexomino_u4
D:2:      layout_loops_ring, serial_bayou_lake_a
D:3:      layout_loops_ring, riverfiend_overflow_shadow_ancestor,
          nicolae_kikubaaqudgha_miasma_corner, nicolae_uskayaw_dance_hall,
          jmf_multi_god_temple, serial_bayou_ford_a
D:4:      layout_basic, serial_shops, shop_statue, shop_statue, shop,
          shop_fountains, nicolae_ossuary_entry_plus
D:5:      layout_loops_cross, hangedman_ru_absence, kennysheep_slug_shrine,
          okawaru_gym_becter, minmay_temple_entry_antechambers,
          hellmonk_bongcloud_opening, minivault_4, kennysheep_nub,
          minmay_crossroads
D:6:      layout_loops_corners, led_sif_pool, kennysheep_donut
D:7:      kennysheep_seaside_town, layout_basic
D:8:      layout_loops_ring, enter_bailey_2, kennysheep_kite_vault
D:9:      layout_basic, grunt_temple_overflow_holy_war,
          due_lair_maze_entry_diamond, erik_orc_1
D:10:     layout_big_octagon, bloody_trog
D:11:     layout_roguey, special_room [special_room_bee],
          nicolae_qazlal_style_of_elements
D:12:     layout_basic, serial_shops, nicolae_lakefront_shop,
          gammafunk_ghost_cemetery, chequers_serial_rivers_room_b,
          minmay_beelzebubs_servants, uniq_sonja
D:13:     layout_cave_pools, hangedman_vaults_entry_quadrant_bands,
          minmay_holes, bh_walls_and_bars
D:14:     layout_grid_maze, ashenzari_altar_1, uniq_frances, uniq_jorgrun
D:15:     hangedman_depths_entry_civil_slaughter, layout_stronghold,
          minmay_crystal_water
Temple:   jpeg_temple_island
Lair:1:   layout_regular_city, infiniplex_staircase_pool_2,
          minmay_lair_oklob_chamber, grunt_megastairs_4, uniq_erica
Lair:2:   wad_woods_structure_01, layout_loops_ring,
          lightli_volcano_entry_magma_tube, uniq_prince_ribbit2, uniq_harold
Lair:3:   layout_hall_layers, minmay_swamp_entry_reptiles,
          spider_nest_entry_web_field, cheibrodos_lair_reptile_den
Lair:4:   layout_cave_pods, serial_bayou_shore_b
Lair:5:   layout_regular_city, gammafunk_ghost_hydra_chop,
          nzn_masters_of_martial_movement, grunt_megastairs_3, uniq_snorg
Lair:6:   minmay_lair_end_enchanted_forest, layout_cave_pods,
          minmay_slime_entry_jelly_boxes, chequers_serial_rivers_small_b,
          minivault_19
Spider:1: layout_chambers, uniq_louise, uniq_josephine
Spider:2: layout_chambers
Spider:3: layout_spider_delve

Skill      XL: |  1  2  3  4  5  6  7  8  9 10 11 12 13 14 15 16 |
---------------+-------------------------------------------------+-----
Axes           | 4 6 7 8 10 12 14 15 17 18 | 18.0
Fighting       | 4 5 6 8 10 11 12 13 16 20 22 | 22.7
Dodging        | 3 13 14 | 14.9
Armour         | 3 4 5 6 7 8 9 10 12 14 15 | 15.5
Evocations     | 1 3 4 5 6 7 8 |  8.6
Shields        | 4 5 8 |  8.1
Stealth        | |  0.2

Action                   |  1- 3 |  4- 6 |  7- 9 | 10-12 | 13-15 | 16-18 || total
-------------------------+-------+-------+-------+-------+-------+-------++-------
Melee: Hand axe          |    64 |    64 |       |       |       |       ||   128
       Headbutt          |     7 |    24 |    40 |   112 |   241 |   100 ||   524
       War axe           |       |    64 |    37 |       |       |       ||   101
       Battleaxe         |       |       |   167 |   314 |   185 |       ||   666
       Broad axe         |       |       |       |   182 |   641 |   356 ||  1179
       Dire flail        |       |       |       |     3 |    84 |       ||    87
Throw: Boomerang         |       |       |       |     3 |       |       ||     3
       Dart              |       |       |       |     1 |     2 |     2 ||     5
       Throwing net      |       |       |       |       |     1 |       ||     1
Invok: Berserk           |     1 |     4 |     7 |     9 |    18 |     5 ||    44
       Trog's Hand       |       |     1 |     1 |     5 |     5 |     2 ||    14
       Brothers in Arms  |       |       |       |       |     1 |       ||     1
Evoke: Piece from Xom's  |       |       |     1 |       |       |       ||     1
       Lightning rod     |       |       |       |       |     2 |       ||     2
  Use: Scroll            |       |       |    22 |     3 |     6 |     1 ||    32
       Potion            |       |       |       |       |     2 |     3 ||     5
Armor: Animal skin       |     6 |       |       |       |       |       ||     6
       Plate armour      |    18 |    80 |   108 |   280 |   535 |   188 ||  1209
       Skin              |       |       |       |    10 |       |       ||    10
Dodge: Dodged            |    44 |    68 |   125 |   222 |   406 |   132 ||   997
Block: Buckler           |       |       |       |       |   185 |    39 ||   224
       Tower shield      |       |       |       |       |       |   245 ||   245
